 Dungeon Sprint DCSS version 0.29-a0-789-g7a8fcbc185 (webtiles) character file.

Game seed: 4620154339840614065

2851 mhtbhm the Unseen (level 9, -5/44 HPs)
             Began as a Spriggan Enchanter on July 2, 2022.
             Was a Believer of Dithmenos.
             Slain by a centaur warrior (12 damage)
             ... in the Dungeon (Sprint I: "Red Sonja").
             The game lasted 00:02:45 (577 turns).

mhtbhm the Unseen (Spriggan Enchanter)               Turns: 577, Time: 00:02:45

Health: -5/44      AC:  4    Str:  4    XL:     9   Next: 46%
Magic:  17/22      EV: 22    Int: 16    God:    Dithmenos [**....]
Gold:   208        SH:  0    Dex: 20    Spells: 14/25 levels left

rFire   . . .      SeeInvis +   a - +4 dagger (venom)
rCold   . . .      Faith    .   (no shield)
rNeg    . . .      Spirit   .   b - +0 troll leather armour
rPois   +          Reflect  .   (helmet restricted)
rElec   .          Harm     .   (no cloak)
rCorr   .          Rampage  .   (gloves unavailable)
Will    +....      NoTele   +   (boots unavailable)
Stlth   ++++++++++              (no amulet)
HPRegen 0.94/turn               k - ring of poison resistance
MPRegen 0.18/turn               (no ring)

@: wreathed by umbra, very quick
A: very small, no large weapons, unfitting armour, see invisible, speed 3
a: Renounce Religion, Shadow Step


You were in the Dungeon.
You worshipped Dithmenos.
Dithmenos was pleased with you.
You visited 1 branch You collected 832 gold pieces.
You spent 624 gold pieces at shops.

Inventory:

Hand Weapons
 a - a +4 dagger of venom (weapon)
Missiles
 c - 2 curare-tipped darts (quivered)
Armour
 b - a +0 troll leather armour (worn)
Jewellery
 k - a ring of poison resistance (left hand)
Wands
 j - a wand of roots (2)
Scrolls
 h - a scroll of summoning {unknown}
 l - a scroll of enchant armour {unknown}
Potions
 d - 3 potions of curing
 f - a potion of haste
 g - 2 potions of magic
 m - a potion of lignification {unknown}


   Skills:
 + Level 3.2 Fighting
 + Level 7.0 Short Blades
 + Level 1.7 Armour
 + Level 9.2 Dodging
 + Level 20.7 Stealth
 + Level 8.7 Spellcasting
 + Level 0.8 Conjurations
 - Level 10.7 Hexes
 * Level 8.2 Invocations
 + Level 2.8 Evocations


You had 14 spell levels left.
You knew the following spells:

 Your Spells              Type           Power      Damage    Failure   Level
a - Ensorcelled Hibernat  Hex/Ice        48%        N/A       3%          2
b - Confusing Touch       Hex            41%        N/A       1%          3
c - Tukima's Dance        Hex            41%        N/A       1%          3
d - Dazzling Flash        Conj/Hex       50%        N/A       4%          3

Your spell library contained the following spells:

 Spells                   Type           Power      Damage    Failure   Level


Dungeon Overview and Level Annotations

Branches:
Dungeon (1/1)

Altars:
Cheibriados
Dithmenos
Elyvilon
Fedhas
Gozag
Hepliaklqana
Kikubaaqudgha
Makhleb
Nemelex Xobeh
Okawaru
Qazlal
Ru
Sif Muna
Trog
Uskayaw
Vehumet
Wu Jian
Xom
Yredelemnul
Zin
The Shining One
Jiyva
Lugonu

Shops:
D *?[


Innate Abilities, Weirdness & Mutations

You are very small and have problems with some larger weapons.
You are too small for most types of armour.
You have supernaturally acute eyesight. (SInv)
You cover ground extremely quickly. (Speed+++)


Message History

The centaur warrior hits you but does no damage.
The centaur warrior completely misses you.
The centaur warrior closely misses you.
The centaur warrior kicks you but does no damage.
The centaur warrior completely misses you.
The centaur warrior kicks you but does no damage.
Unknown command.
You closely miss the centaur warrior.
The centaur warrior hits you but does no damage.
The centaur warrior kicks you but does no damage.
The centaur warrior hits you. The centaur warrior barely misses you.
You strike the helpless centaur warrior from behind!
You spit the centaur warrior like a pig!!!
The centaur warrior is almost dead.
The centaur warrior hits you! The centaur warrior closely misses you.
The centaur warrior hits you!
* * * LOW HITPOINT WARNING * * *
The centaur warrior misses you.
You hit the centaur warrior.
You kill the centaur warrior!
Dithmenos accepts your kill. The centaur warrior misses you. x2
Your Short Blades skill increases to level 7!
Your Armour skill increases to level 1!
Your Dodging skill increases to level 9!
Your Stealth skill increases to level 20!
Your Invocations skill increases to level 8!
You hit the centaur warrior.
The centaur warrior is poisoned.
The centaur warrior is lightly wounded.
The centaur warrior hits you.
* * * LOW HITPOINT WARNING * * *
The centaur warrior kicks you.
* * * LOW HITPOINT WARNING * * *
Unknown command.
You strike the helpless centaur warrior from behind!
You stick the centaur warrior like a pincushion!!!
The centaur warrior looks as sick as possible!
The centaur warrior is almost dead.
The centaur warrior hits you!
You die...

######################
.)'..#.)'..#__#..'.).#
..#.)'..#..'..'..#...#
####'#####'#__####)..+
###..#...#[####§§#####
__####..##.#≈≈§§§#
_____##'#_.'§§§§@+
_.∩...'..._#≈§§.c#
_..__##_.#'##+####
_____###)#.# ###
########.####+###.##
......'...'..†.['.∩#
+++####...##########
###.### #.#'#.#


You could see a centaur warrior (blind, extremely poisoned).

Vanquished Creatures
  A centaur warrior (D)
  Sonja (D)
  A deep troll (D)
  2 kobold demonologists (D)
  A slime creature (D)
  Sigmund (D)
  A yak (D)
  A floating eye (D)
  An ogre (D)
  A jelly (D)
  Ijyb (D)
  A ballistomycete spore (D)
13 creatures vanquished.

Vanquished Creatures (others)
  A ballistomycete spore (D)
1 creature vanquished.

Grand Total: 14 creatures vanquished

Notes
Turn   | Place    | Note
-------+----------+-------------------------------------------
     0 | D        | mhtbhm the Spriggan Enchanter began the quest for the Orb.
     0 | D        | Reached XP level 1. HP: 9/9 MP: 5/5
     1 | D        | Noticed Ijyb
    12 | D        | Killed Ijyb
    13 | D        | Reached skill level 6 in Stealth
    13 | D        | Reached skill level 5 in Hexes
    13 | D        | Reached XP level 2. HP: 7/13 MP: 5/7
    16 | D        | Noticed an ogre
    20 | D        | Killed an ogre
    21 | D        | Reached skill level 9 in Stealth
    21 | D        | Reached XP level 3. HP: 10/17 MP: 6/10
    21 | D        | Reached XP level 4. HP: 12/21 MP: 6/11
    22 | D        | Noticed Sigmund
    24 | D        | Killed Sigmund
    25 | D        | Reached skill level 1 in Fighting
    25 | D        | Reached skill level 5 in Dodging
    25 | D        | Reached skill level 12 in Stealth
    25 | D        | Reached skill level 5 in Spellcasting
    25 | D        | Reached XP level 5. HP: 15/25 MP: 7/14
    25 | D        | Reached XP level 6. HP: 18/30 MP: 7/15
    30 | D        | Found a shimmering blue altar of Sif Muna.
    31 | D        | Found an ornate altar of the Wu Jian Council.
    32 | D        | Found a radiant altar of Vehumet.
    38 | D        | Found Xery's Magic Scroll Emporium.
    38 | D        | Found an ancient bone altar of Kikubaaqudgha.
    38 | D        | Found a hazy altar of Hepliaklqana.
    38 | D        | Found a stormy altar of Qazlal.
    38 | D        | Found a hide-covered altar of Uskayaw.
    38 | D        | Found a blossoming altar of Fedhas.
    38 | D        | Found a bloodstained altar of Trog.
    38 | D        | Found an iron altar of Okawaru.
    38 | D        | Found a basalt altar of Yredelemnul.
    38 | D        | Found a glowing golden altar of the Shining One.
    38 | D        | Found a snail-covered altar of Cheibriados.
    38 | D        | Found a sacrificial altar of Ru.
    38 | D        | Found a glowing silver altar of Zin.
    38 | D        | Found a shadowy altar of Dithmenos.
    38 | D        | Found a white marble altar of Elyvilon.
    38 | D        | Noticed a yak
    39 | D        | Found an opulent altar of Gozag.
    40 | D        | Killed a yak
    41 | D        | Reached skill level 13 in Stealth
    41 | D        | Reached skill level 10 in Hexes
    41 | D        | Found a sparkling altar of Nemelex Xobeh.
    47 | D        | Became a worshipper of Dithmenos the Shadowed
   115 | D        | Learned a level 2 spell: Ensorcelled Hibernation
   119 | D        | Learned a level 3 spell: Confusing Touch
   123 | D        | Learned a level 3 spell: Tukima's Dance
   127 | D        | Learned a level 3 spell: Dazzling Flash
   193 | D        | Noticed Sonja
   202 | D        | Killed Sonja
   203 | D        | Reached skill level 16 in Stealth
   203 | D        | Reached skill level 1 in Evocations
   203 | D        | Reached XP level 7. HP: 35/35 MP: 16/18
   219 | D        | Found Jimpudd's General Store.
   364 | D        | Noticed a deep troll
   368 | D        | Killed a deep troll
   369 | D        | Reached skill level 5 in Short Blades
   369 | D        | Reached skill level 18 in Stealth
   369 | D        | Reached XP level 8. HP: 39/39 MP: 18/20
   378 | D        | Found Qesiy's Armour Emporium.
   460 | D        | Bought a scroll of acquirement for 624 gold pieces
   460 | D        | Acquired a +4 dagger of venom
   488 | D        | Found a burning altar of Makhleb.
   488 | D        | Found a viscous altar of Jiyva.
   488 | D        | Found a shimmering altar of Xom.
   488 | D        | Found a corrupted altar of Lugonu.
   488 | D        | Noticed a slime creature
   491 | D        | Killed a slime creature
   491 | D        | Reached * piety under Dithmenos
   505 | D        | Noticed a kobold demonologist
   506 | D        | Noticed a kobold demonologist
   509 | D        | Noticed an ice devil
   511 | D        | Noticed a soul eater
   512 | D        | Killed a kobold demonologist
   513 | D        | Reached skill level 19 in Stealth
   514 | D        | Reached XP level 9. HP: 42/43 MP: 18/22
   516 | D        | Killed a kobold demonologist
   516 | D        | Reached ** piety under Dithmenos
   565 | D        | Noticed a centaur warrior
   565 | D        | Noticed a centaur warrior
   575 | D        | Killed a centaur warrior
   576 | D        | Reached skill level 1 in Armour
   576 | D        | Reached skill level 20 in Stealth
   577 | D        | Slain by a centaur warrior

Illustrated notes

Levels and vault maps discovered:
D:        dungeon_sprint_1 [red_sonja_temple_1, red_sonja_temple_small_1]

Skill      XL: |  1  2  3  4  5  6  7  8  9 |
---------------+----------------------------+-----
Dodging        | 3 4 5 7 8 9 |  9.2
Stealth        | 6 9 12 16 18 19 20 | 20.7
Spellcasting   | 3 4 5 7 8 |  8.7
Hexes          | 5 7 9 10 | 10.7
Short Blades   | 2 3 4 5 6 7 |  7.0
Fighting       | 1 2 3 |  3.2
Invocations    | 4 6 7 8 |  8.2
Evocations     | 1 2 |  2.8
Armour         | 1 |  1.7
Conjurations   | |  0.8

Action                   |  1- 3 |  4- 6 |  7- 9 || total
-------------------------+-------+-------+-------++-------
Melee: Dagger            |     9 |     4 |    15 ||    28
 Cast: Dazzling Flash    |       |       |     4 ||     4
Evoke: Wand              |       |     2 |       ||     2
  Use: Potion            |     1 |     2 |     1 ||     4
       Scroll            |       |       |     2 ||     2
 Stab: Sleeping          |     2 |     3 |     3 ||     8
       Invisible         |     1 |     1 |     4 ||     6
Armor: Troll leather arm |       |       |     8 ||     8
Dodge: Dodged            |     4 |       |    29 ||    33

Table legend: (Time is in decaauts)
 A = Elapsed time spent in this place.
 B = Non-inter-level travel time spent in this place.
 C = Inter-level travel time spent in this place.
 D = Time resting spent in this place.
 E = Time spent auto-exploring this place.
 F = Levels seen in this place.
 G = Mean time per level.
                   A        B        C        D        E       F      G
               +--------+--------+--------+--------+--------+-----+--------+
         Total |    481 |    481 |      0 |    192 |      0 |   1 |  481.0 |
       Dungeon |    481 |    481 |      0 |    192 |      0 |   1 |  481.0 |
               +--------+--------+--------+--------+--------+-----+--------+

Top non-repeatable levels by time:
       D: 481 daAuts
